 Dungeon Crawl Stone Soup version 0.27-a0-1308-gc08437e49b (webtiles) character file.

Game seed: 6140351225686796743

8 spiderkeys the Skirmisher (level 2, -3/21 HPs)
             Began as an Octopode Abyssal Knight on June 19, 2021.
             Was an Initiate of Lugonu.
             Slain by a hobgoblin (4 damage)
             ... on level 1 of the Dungeon.
             The game lasted 00:01:07 (241 turns).

spiderkeys the Skirmisher (Octopode Abyssal Knight)  Turns: 241, Time: 00:01:08

Health: -3/21      AC:  1    Str: 11    XL:     2   Next: 8%
Magic:  3/3        EV: 13    Int: 14    God:    Lugonu [......]
Gold:   20         SH:  0    Dex: 11    Spells: 1/1 levels left

rFire    . . .     SeeInvis .   d - staff of earth {!a}
rCold    . . .     Faith    .   (no shield)
rNeg     . . .     Spirit   .   (helmet restricted)
rPois    .         Reflect  .   (no amulet)
rElec    .         Harm     .   (no ring)
rCorr    .         Rampage  .   (no ring)
Will     .....                  (no ring)
Stlth    ++........             (no ring)
HPRegen  0.07/turn              (no ring)
MPRegen  0.08/turn              (no ring)
                                (no ring)
                                (no ring)

@: no status effects
A: almost no armour, amphibious, 8 rings, camouflage 1, gelatinous body 1,
(nimble swimmer 1), tentacles
a: Renounce Religion


You were on level 1 of the Dungeon.
You worshipped Lugonu.
Lugonu was noncommittal.
You visited 1 branch of the dungeon, and saw 1 of its levels.
You visited the Abyss 1 time.

You collected 20 gold pieces.


Innate Abilities, Weirdness & Mutations

You cannot wear most types of armour.
You are amphibious.
You can wear up to eight rings at the same time.
Your skin changes colour to match your surroundings (Stealth+).
Your rubbery body absorbs attacks. (AC +1, EV +1)
((You are camouflaged near water. (Stealth+)))
You have tentacles for arms and can constrict up to eight enemies at once.


   Skills:
 + Level 3.1 Fighting
 - Level 2.0(2.1) Polearms
 + Level 0.4(1.3) Staves
 + Level 2.5 Dodging
 + Level 2.2 Invocations


You had one spell level left.
You didn't know any spells.
Your spell library was empty.

Inventory:

Hand Weapons
 a - a +1 spear
Missiles
 c - 17 stones
 e - 6 javelins
Magical Staves
 d - a staff of earth (weapon) {!a}
   (You found it on level 2 of the Abyss)
Scrolls
 g - a scroll of blinking {unknown}
Potions
 b - a potion of degeneration {unknown}
 f - a potion of attraction {unknown}
 h - a potion of heal wounds {unknown}

Dungeon Overview and Level Annotations

Branches:
Dungeon (1/15)

Altars:

##############
##.............
........g.....#
#######.#...#.@#_###.#
###.......#.(.#.)#.....g
..........#...#..#...J..
###.####................
###.# ..(....$........
.##.# .#......#..?#?#
.##.#####.#!.....#.$.#.
..........#......#.....
###..####...............


You could see a hobgoblin.


Message History

Really attack while wielding your staff of earth {!a}?
The hobgoblin shouts!
You hit the hobgoblin. You grab the hobgoblin.
You constrict the hobgoblin, but do no damage.
The hobgoblin closely misses you.
You hit the hobgoblin.
You kill the hobgoblin!
Lugonu accepts your kill.
No target in view!
No target in view!
You see here a hobgoblin corpse.
A bat comes into view.
A bat is nearby!
A bat is nearby!
The helpless bat fails to defend itself.
You hit the bat. Your grab misses the bat. Your squeeze misses the bat.
The bat closely misses you. The bat barely misses you.
You miss the bat. Your grab misses the bat. The bat closely misses you.
The bat hits you but does no damage.
You hit the bat.
You kill the bat!
Lugonu accepts your kill.
No target in view!
No target in view!
A rat comes into view.
A rat is nearby!
A rat is nearby!
The helpless rat fails to defend itself.
You hit the rat.
You kill the rat!
Lugonu accepts your kill.
No target in view!
No target in view!
You see here a rat corpse.
You now have 20 gold pieces (gained 10).
Found a faded altar of an unknown god.
h - a grey potion A goblin comes into view.
It is wielding a +0 dagger.
An endoplasm comes into view.
The goblin shouts!
A hobgoblin comes into view.
You closely miss the goblin. Your grab misses the goblin.
The goblin hits you with a +0 dagger. 😕 HP[-3]
You take 3 damage, and now have 13/16 hp.
You hit the goblin.
You kill the goblin!
Lugonu accepts your kill.
You have reached level 2! 😕 HP[+4] MP[+1]
You now have 21 max hp (+5).
You regained 4 hp, and now have 17/21 hp.
Your mp is fully restored (3).
No target in view!
An endoplasm is nearby!
Things that are here:
a +0 dagger; 10 gold pieces The hobgoblin shouts!
The endoplasm quivers.
You hit the endoplasm. The endoplasm hits you.
The hobgoblin closely misses you. The endoplasm barely misses you.
You hit the endoplasm but do no damage.
The hobgoblin hits you but does no damage.
The endoplasm freezes you.
You are frozen. 😮 HP[-4]
You take 4 damage, and now have 13/21 hp.
You are too injured to fight recklessly!
You are too injured to fight recklessly!
You are too injured to fight recklessly!
You hit the endoplasm but do no damage. The hobgoblin barely misses you.
The endoplasm freezes you.
You are frozen. 😮 HP[-2]
You take 2 damage, and now have 11/21 hp.
You completely miss the endoplasm. The hobgoblin misses you.
The endoplasm freezes you.
You are frozen.
* * * LOW HITPOINT WARNING * * *
😨 HP[-5]
You take 5 damage, and now have 6/21 hp.
MASSIVE DAMAGE!! (PAUSE)
You hit the endoplasm. The hobgoblin hits you.
* * * LOW HITPOINT WARNING * * *
The endoplasm closely misses you. The hobgoblin misses you. 😱 HP[-2]
You take 2 damage, and now have 4/21 hp.
You hit the endoplasm.
You kill the endoplasm!
Lugonu accepts your kill. The hobgoblin hits you.
* * * LOW HITPOINT WARNING * * *
😱 HP[-3]
You take 3 damage, and now have 1/21 hp.
You closely miss the hobgoblin. Your grab misses the hobgoblin.
You squeeze the hobgoblin, but do no damage.
The hobgoblin hits you but does no damage.
You hit the hobgoblin. Your grab misses the hobgoblin. The hobgoblin hits you.
You die...

Action                   || total
-------------------------++-------
Melee: Staff             ||    16
       Spear             ||     4
       Constrict         ||     3
       Tentacles         ||     2
Invok: Depart the Abyss  ||     1
 Stab: Sleeping          ||     2
Armor: Skin              ||     4
Dodge: Dodged            ||    11

Levels and vault maps discovered:
D:1:      mrwooster_arrival_statue, layout_loops_ring, serial_shops, shop,
          nicolae_shop_behind_doors, shop, hellmonk_ecumenical_altar_lost_god

Notes
Turn   | Place    | Note
-------+----------+-------------------------------------------
     0 | Abyss:1  | spiderkeys the Octopode Abyssal Knight began the quest for
                  | the Orb.
     0 | Abyss:1  | Reached XP level 1. HP: 16/16 MP: 2/2
     0 | Abyss:1  | magus.rc [v1.9.10]
   103 | Abyss:2  | Noticed a hell hound
   108 | Abyss:2  | Noticed a hell hound
   109 | D:1      | You pass through the gate.
   109 | D:1      | Escaped the Abyss
   222 | D:1      | Found a faded altar of an unknown god.
   230 | D:1      | Reached XP level 2. HP: 17/21 MP: 3/3
   238 | D:1      | HP: 4/21 [hobgoblin (2)]
   239 | D:1      | HP: 1/21 [hobgoblin (3)]
   241 | D:1      | Slain by a hobgoblin

Vanquished Creatures
  A bat (D:1)
  An endoplasm (D:1)
  A goblin (D:1)
  2 hobgoblins (D:1)
  A kobold (D:1)
  A rat (D:1)
7 creatures vanquished.

Table legend:
 A = Non-vault XP
 B = Vault XP
 C = Vault XP percentage of total XP
 D = Non-vault monster count
 E = Vault monster count
 F = Vault count percentage of total count
                 A         B        C        D         E       F
            +---------+---------+-------+---------+---------+-------
      Total |      12 |       0 |   0.0 |       7 |       0 |   0.0
            +---------+---------+-------+---------+---------+-------
        D:1 |      12 |       0 |   0.0 |       7 |       0 |   0.0
            +---------+---------+-------+---------+---------+-------

Illustrated notes

Table legend:
 A = Kills in this place as a percentage of kills in entire the game.
 B = Kills by you in this place as a percentage of kills by you in the entire game.
 C = Kills by friends in this place as a percentage of kills by friends in the entire game.
 D = Other kills in this place as a percentage of other kills in the entire game.
 E = Experience gained in this place as a percentage of experience gained in the entire game.
 F = Experience gained in this place divided by the number of levels of this place that you have seen.
                   A       B       C       D       E      F
               +-------+-------+-------+-------+-------+----------------------
         Total | 100.0 | 100.0 |   N/A |   N/A | 100.0 |   4.0
       Dungeon | 100.0 | 100.0 |   N/A |   N/A | 100.0 |  12.0
               +-------+-------+-------+-------+-------+----------------------

Table legend: (Time is in decaauts)
 A = Elapsed time spent in this place.
 B = Non-inter-level travel time spent in this place.
 C = Inter-level travel time spent in this place.
 D = Time resting spent in this place.
 E = Time spent auto-exploring this place.
 F = Levels seen in this place.
 G = Mean time per level.
                   A        B        C        D        E       F      G
               +--------+--------+--------+--------+--------+-----+--------+
         Total |    242 |    242 |      0 |      0 |    119 |   3 |   80.7 |
       Dungeon |    133 |    133 |      0 |      0 |     76 |   1 |  133.0 |
         Abyss |    108 |    108 |      0 |      0 |     43 |   2 |   54.0 |
               +--------+--------+--------+--------+--------+-----+--------+

Top non-repeatable levels by time:
     D:1: 133 daAuts
 Abyss:1: 56 daAuts
 Abyss:2: 52 daAuts
